AoeStats
← msheehandub

Arabia

510425614Analyzed
1v1 RM · 1d ago on Oct 1, 2026· 83m 2s· 2 players
Game mode
Random Map
Map size
Tiny (2 player)
Population
200
Speed
Normal
Resources
Standard
Victory
Conquest
Starting age
Dark Age
Ending age
Imperial Age
RankedLock teamsTeams togetherTeam positionsShared explorationLock speedFull tech treeHidden civsTurbo modeCheats
Victory
Defeat
🇲🇽 Mongols · Mexico
867
+14
🇸🇦 Lithuanians · Saudi Arabia
819
-14
msheehandub
11:51 Feudal Age
13:08 Loom
18:06 Castle Age
19:34 Scale Mail Armor
21:26 Double-Bit Axe
24:18 Elite Skirmisher
26:08 Fletching
29:53 Bodkin Arrow
29:59 Padded Archer Armor
31:27 Ballistics
31:53 Bloodlines
31:45 Husbandry
32:16 Pikeman
34:31 Gold Mining
34:32 Stone Mining
34:56 Treadmill Crane
36:06 Scale Barding Armor
47:11 Imperial Age
78:03 Bracer
Don Cipote
11:08 Feudal Age
11:51 Loom
12:22 Double-Bit Axe
13:07 Scale Barding Armor
14:48 Forging
17:15 Wheelbarrow
21:32 Padded Archer Armor
24:09 Castle Age
25:23 Fletching
27:19 Bodkin Arrow
29:31 Bloodlines
32:22 Light Cavalry
34:12 Chain Barding Armor
34:28 Iron Casting
43:16 Imperial Age
41:12 Ballistics
44:18 Heavy Cavalry Archer
44:53 Horse Collar
46:08 Thumb Ring
52:02 Drill
63:06 Onager
65:52 Parthian Tactics
73:14 Siege Onager
77:47 Chemistry
Connection lost

Rejoining the realm…

Still unreachable

The connection could not be restored.

Session expired

The server has moved on; the page needs a fresh start.